 Dungeon Crawl Stone Soup version 0.28-a0-97-g102d6777a4 (webtiles) character file.

Game seed: 18117496200624513808

49 pyrow613 the Vexing (level 3, -1/20 HPs)
             Began as a Deep Elf Arcane Marksman on Aug 9, 2021.
             Slain by a jackal (2 damage)
             ... on level 2 of the Dungeon.
             The game lasted 00:03:17 (1392 turns).

pyrow613 the Vexing (Deep Elf Arcane Marksman)      Turns: 1392, Time: 00:03:18

Health: -1/20      AC:  2    Str:  8    XL:     3   Next: 51%
Magic:  8/8        EV: 13    Int: 17    God:
Gold:   43         SH:  0    Dex: 15    Spells: 3/6 levels left

rFire   . . .      SeeInvis .   a - +0 shortbow
rCold   . . .      Faith    .   (shield currently unavailable)
rNeg    . . .      Spirit   .   d - +0 robe
rPois   .          Reflect  .   (no helmet)
rElec   .          Harm     .   (no cloak)
rCorr   .          Rampage  .   (no gloves)
Will    .....                   (no boots)
Stlth   +.........              (no amulet)
HPRegen 0.06/turn               (no ring)
MPRegen 0.11/turn               (no ring)

@: no status effects
A: no striking features
a: no special abilities


You were on level 2 of the Dungeon.
You visited 1 branch of the dungeon, and saw 2 of its levels.

You collected 43 gold pieces.

Inventory:

Hand Weapons
 a - a +0 shortbow (weapon)
Missiles
 c - 11 arrows (quivered ammo)
Armour
 d - a +0 robe (worn)
Scrolls
 b - a scroll of amnesia {unknown}
 e - a scroll of blinking {unknown}
 f - a scroll of fear {unknown}
 g - a scroll of identify {unknown}
Potions
 h - a potion of ambrosia {unknown}


   Skills:
 - Level 0.7 Fighting
 * Level 4.0 Bows
 + Level 3.0 Dodging
 + Level 2.4 Spellcasting
 + Level 4.4 Hexes


You had 3 spell levels left.
You knew the following spells:

 Your Spells              Type           Power      Damage    Failure   Level
a - Corona                Hex            18%        N/A       3%          1
b - Slow                  Hex            17%        N/A       4%          2

Your spell library contained the following spells:

 Spells                   Type           Power      Damage    Failure   Level
 Animate Skeleton         Necr           4%         N/A       19%         1
 Apportation              Tloc           4%         N/A       19%         1
 Summon Small Mammal      Summ           8%         N/A       19%         1
 Inner Flame              Hex/Fire       9%         N/A       22%         3
 Portal Projectile        Hex/Tloc       18%        N/A       22%         3
 Cause Fear               Hex            8%         N/A       30%         4


Dungeon Overview and Level Annotations

Branches:
Dungeon (2/15)

Altars:


Message History

You shoot an arrow. The arrow barely misses the adder.
The jackal barks!
You hear an angry hiss.
A ball python comes into view.
The adder barely misses you.
You shoot an arrow. The arrow hits the adder.
The adder is almost dead.
The adder barely misses you.
You shoot an arrow. The arrow closely misses the adder.
The arrow hits the jackal.
The jackal is severely wounded.
The adder bites you.
You shoot an arrow.
The arrow hits the adder but does no damage.
The adder is severely wounded.
The adder bites you. x2
* * * LOW HITPOINT WARNING * * *
You are too injured to fight recklessly!
You are too injured to fight recklessly!
Fire: 14 arrows
Press: ? - help, Q - select action, (/) - cycle Shift-Dir - straight line, f/p - adder
Aim: an adder (severely wounded, 42% to hit)
You shoot an arrow. The arrow hits the adder.
The adder is almost dead.
The adder bites you.
* * * LOW HITPOINT WARNING * * *
The adder barely misses you.
Fire: 13 arrows
Press: ? - help, Q - select action, (/) - cycle Shift-Dir - straight line, f/p - adder
Aim: an adder (almost dead, 42% to hit)
You shoot an arrow.
The arrow hits the adder but does no damage.
The adder is almost dead.
The adder closely misses you.
Fire: 12 arrows
Press: ? - help, Q - select action, (/) - cycle Shift-Dir - straight line, f/p - adder
Aim: an adder (almost dead, 42% to hit)
You shoot an arrow. The arrow hits the adder.
You kill the adder!
The jackal bites you.
You die...

#.(( .... #.(( .(#
.(# ... #(# ... #S#
... #h# .# #..# #@#
.# #>.####.#
.###.......# .. #
##........###..#.
.. ...##.##........
##.##.#...#.###..#.
.#...#.......## #
####
...........#..# ..#
.#.....#..##..# #.#


You could see a jackal and a ball python.

Vanquished Creatures
  2 adders (D:2)
  A worm (D:2)
  2 ball pythons
  A bat (D:2)
  7 endoplasms
  3 goblins
  8 jackals
  3 kobolds
  2 quokkas (D:1)
  A rat (D:1)
30 creatures vanquished.

Notes
Turn   | Place    | Note
-------+----------+-------------------------------------------
     0 | D:1      | pyrow613 the Deep Elf Arcane Marksman began the quest for
                  | the Orb.
     0 | D:1      | Reached XP level 1. HP: 11/11 MP: 5/5
   476 | D:1      | Reached XP level 2. HP: 16/16 MP: 6/6
   506 | D:1      | Learned a level 2 spell: Slow
  1159 | D:2      | Reached XP level 3. HP: 20/20 MP: 5/8
  1202 | D:2      | Found a faded altar of an unknown god.
  1390 | D:2      | HP: 1/20 [adder (4)]
  1392 | D:2      | Slain by a jackal

Illustrated notes

Levels and vault maps discovered:
D:1:      eino_arrival_water_cross, layout_loops_ring
D:2:      layout_loops_cross, ebering_ecumenical_altar_mist,
          hangedman_decor_clover_reticule, serial_bayou_pond_d,
          minmay_pentomino_pile, uniq_crazy_yiuf_cottage, uniq_terence

Skill      XL: |  1  2  3 |
---------------+----------+-----
Bows           | 3 4 |  4.0
Spellcasting   | 2 |  2.4
Dodging        | 3 |  3.0
Fighting       | |  0.7
Hexes          | |  4.4

Action                   || total
-------------------------++-------
 Fire: Shortbow          ||   111
Armor: Robe              ||     5
Dodge: Dodged            ||    36

Table legend: (Time is in decaauts)
 A = Elapsed time spent in this place.
 B = Non-inter-level travel time spent in this place.
 C = Inter-level travel time spent in this place.
 D = Time resting spent in this place.
 E = Time spent auto-exploring this place.
 F = Levels seen in this place.
 G = Mean time per level.
                   A        B        C        D        E       F      G
               +--------+--------+--------+--------+--------+-----+--------+
         Total |   1405 |   1388 |     17 |      0 |   1200 |   2 |  702.5 |
       Dungeon |   1405 |   1388 |     17 |      0 |   1200 |   2 |  702.5 |
               +--------+--------+--------+--------+--------+-----+--------+

Top non-repeatable levels by time:
     D:1: 1131 daAuts
     D:2: 274 daAuts
